 Dungeon Sprint DCSS version 0.27.1-33-g824d729ab1 (webtiles) character file.

Game seed: 13447627389576105589

5581 Hipnos the Imperceptible (level 10, -2/47 HPs)
             Began as a Spriggan Enchanter on Nov 25, 2021.
             Was a High Priest of Kikubaaqudgha.
             Slain by a lorocyproca (36 damage)
             ... in the Dungeon (Sprint I: "Red Sonja").
             The game lasted 00:06:32 (1166 turns).

Hipnos the Imperceptible (Spriggan Enchanter)       Turns: 1166, Time: 00:06:32

Health: -2/47      AC:  2    Str:  4    XL:     10   Next: 44%
Magic:  0/27       EV: 22    Int: 17    God:    Kikubaaqudgha [*****.]
Gold:   621        SH:  0    Dex: 19    Spells: 24/33 levels left

rFire    . . .     SeeInvis +   a - +1 dagger
rCold    . . .     Faith    .   (shield restricted)
rNeg     . . .     Spirit   .   b - +0 robe
rPois    .         Reflect  .   (helmet restricted)
rElec    .         Harm     .   (no cloak)
rCorr    .         Rampage  .   (gloves unavailable)
Will     +....     NoTele   +   (boots unavailable)
Stlth    +++++++++.             (no amulet)
HPRegen  0.15/turn              (no ring)
MPRegen  0.20/turn              (no ring)

@: confusing by touch, very quick
A: very small, no large weapons, unfitting armour, see invisible, speed 3
a: Renounce Religion, Receive Corpses, Torment


You were in the Dungeon.
You worshipped Kikubaaqudgha.
Kikubaaqudgha was extremely pleased with you.
You visited 1 branch You collected 621 gold pieces.

Inventory:

Hand Weapons
 a - a +1 dagger (weapon)
Armour
 b - a +0 robe (worn)
Wands
 g - a wand of polymorph (8)
Scrolls
 h - a scroll of blinking
 j - a scroll of enchant armour {unknown}
Potions
 c - a potion of curing
 e - a potion of haste
 f - 2 potions of magic
 i - a potion of attraction {unknown}


   Skills:
 + Level 2.4 Fighting
 + Level 6.5 Short Blades
 + Level 7.3 Dodging
 * Level 25.1 Stealth
 + Level 12.0 Spellcasting
 + Level 10.2 Hexes
 + Level 5.8 Ice Magic


You had 24 spell levels left.
You knew the following spells:

 Your Spells              Type           Power      Damage    Failure   Level
a - Corona                Hex            50%        N/A       1%          1
b - Ensorcelled Hibernat  Hex/Ice        74%        N/A       1%          2
c - Confusing Touch       Hex            45%        N/A       1%          3
d - Dazzling Flash        Conj/Hex       54%        N/A       2%          3

Your spell library contained the following spells:

 Spells                   Type           Power      Damage    Failure   Level
 Tukima's Dance           Hex            45%        N/A       1%          3
 Pain                     Necr           40%        1d6       7%          1
 Corpse Rot               Necr/Air       N/A        N/A       11%         2
 Sublimation of Blood     Necr           5%         N/A       11%         2
 Vampiric Draining        Necr           5%         2d6       21%         3
 Animate Dead             Necr           5%         N/A       56%         4
 Dispel Undead            Necr           10%        3d9       56%         4
 Agony                    Necr           10%        N/A       88%         5
 Excruciating Wounds      Necr           5%         N/A       88%         5
 Simulacrum               Ice/Necr       10%        N/A       97%         6


Dungeon Overview and Level Annotations

Branches:
Dungeon (1/1)

Altars:
Cheibriados
Dithmenos
Elyvilon
Fedhas
Gozag
Hepliaklqana
Kikubaaqudgha
Makhleb
Nemelex Xobeh
Okawaru
Qazlal
Ru
Sif Muna
Trog
Uskayaw
Vehumet
Wu Jian
Xom
Yredelemnul
Zin
The Shining One
Jiyva
Lugonu

Shops:
D *


Innate Abilities, Weirdness & Mutations

You are very small and have problems with some larger weapons.
You are too small for most types of armour.
You have supernaturally acute eyesight. (SInv)
You cover ground extremely quickly. (Speed+++)


Message History

Casting: Ensorcelled Hibernation (safe; 1% risk of failure)
Confirm with . or Enter, or press ? or * to list all spells.
You can't see any susceptible monsters within range! (Use Z to cast anyway.)
Casting: Ensorcelled Hibernation (safe; 1% risk of failure)
Confirm with . or Enter, or press ? or * to list all spells.
Okay, then.
Casting: Ensorcelled Hibernation (safe; 1% risk of failure)
Confirm with . or Enter, or press ? or * to list all spells.
Your hands begin to glow red.
Casting: Confusing Touch (safe; 1% risk of failure)
Confirm with . or Enter, or press ? or * to list all spells.
Okay, then.
Drop what? 10/52 slots (_ for help) (? for menu, Esc to quit)
Okay, then.
Casting: Confusing Touch (safe; 1% risk of failure)
Confirm with . or Enter, or press ? or * to list all spells.
The lorocyproca is dazzled.
You are engulfed in noxious fumes.
The lorocyproca closely misses you.
You hit the lorocyproca but do no damage.
You catch the helpless lorocyproca completely off-guard!
You hit the lorocyproca but do no damage.
The lorocyproca closely misses you.
You closely miss the lorocyproca. The lorocyproca hits you!!
You feel your power leaking away.
You strike the helpless lorocyproca from behind!
You hit the lorocyproca but do no damage.
You hit the lorocyproca but do no damage.
The lorocyproca closely misses you.
You strike the helpless lorocyproca from behind!
You hit the lorocyproca but do no damage.
The lorocyproca hits you!!
* * * LOW HITPOINT WARNING * * *
You feel your power leaking away.
You feel much better.
The lorocyproca is no longer blind.
The lorocyproca closely misses you.
You hit the lorocyproca but do no damage.
The lorocyproca hits you!!!
Ouch! That really hurt!
You die...
Kikubaaqudgha rasps: "You have failed me!
Welcome... death!"

#################################
#.)'..#__#..')..#((#.§§§§.§.§§§§†
'..#..'^.'..#)..##§#†####.§§§§##.
#####'#__####...@.§#.# ##§.§####
#...#.#### #####2§§.# $###+#
#..##.# ##'#### .$#y# ##'#_.+
#°..○2#..$### .'..._#
#..○.°'..$$$# ##_.#'#
###°○☼#^....# ###+#.# #°○☼# #++##
# ### #○°## #..#


You could see a lorocyproca (invisible).

Vanquished Creatures
  A hydra (D)
  A lindwurm (D)
  A gargoyle (D)
  2 kobold demonologists (D)
  4 demonic crawlers (D)
  A slime creature (D)
  Sigmund (D)
  A yak (D)
  13 hogs (D)
  2 floating eyes (D)
  An ogre (D)
  A jelly (D)
  Ijyb (D)
30 creatures vanquished.

Vanquished Creatures (others)
  A gargoyle (D)
1 creature vanquished.

Grand Total: 31 creatures vanquished

Notes
Turn   | Place    | Note
-------+----------+-------------------------------------------
     0 | D        | Hipnos the Spriggan Enchanter began the quest for the Orb.
     0 | D        | Reached XP level 1. HP: 9/9 MP: 5/5
     2 | D        | Noticed Ijyb
    12 | D        | Killed Ijyb
    13 | D        | Reached skill level 8 in Stealth
    13 | D        | Reached XP level 2. HP: 12/13 MP: 5/7
    25 | D        | Killed a gargoyle
   121 | D        | Learned a level 2 spell: Ensorcelled Hibernation
   122 | D        | Noticed an ogre
   134 | D        | Killed an ogre
   135 | D        | Reached skill level 12 in Stealth
   135 | D        | Reached skill level 5 in Spellcasting
   135 | D        | Reached XP level 3. HP: 16/16 MP: 1/10
   135 | D        | Reached XP level 4. HP: 21/21 MP: 1/12
   227 | D        | Noticed Sigmund
   230 | D        | Killed Sigmund
   231 | D        | Reached skill level 5 in Dodging
   231 | D        | Reached skill level 15 in Stealth
   231 | D        | Reached skill level 1 in Ice Magic
   231 | D        | Reached XP level 5. HP: 25/25 MP: 12/14
   244 | D        | Found an ornate altar of the Wu Jian Council.
   244 | D        | Found a shimmering blue altar of Sif Muna.
   246 | D        | Found a radiant altar of Vehumet.
   251 | D        | Reached XP level 6. HP: 29/29 MP: 14/16
   253 | D        | Found Olief's Assorted Antiques.
   253 | D        | Found an ancient bone altar of Kikubaaqudgha.
   253 | D        | Found a hazy altar of Hepliaklqana.
   253 | D        | Found a stormy altar of Qazlal.
   253 | D        | Found a hide-covered altar of Uskayaw.
   253 | D        | Found a blossoming altar of Fedhas.
   253 | D        | Found a bloodstained altar of Trog.
   253 | D        | Found an iron altar of Okawaru.
   253 | D        | Found a basalt altar of Yredelemnul.
   253 | D        | Found a glowing golden altar of the Shining One.
   253 | D        | Found a snail-covered altar of Cheibriados.
   253 | D        | Found a sacrificial altar of Ru.
   253 | D        | Found a glowing silver altar of Zin.
   253 | D        | Found a shadowy altar of Dithmenos.
   253 | D        | Found a white marble altar of Elyvilon.
   253 | D        | Noticed a yak
   264 | D        | Killed a yak
   265 | D        | Reached skill level 16 in Stealth
   265 | D        | Reached skill level 5 in Hexes
   269 | D        | Found an opulent altar of Gozag.
   301 | D        | Found a sparkling altar of Nemelex Xobeh.
   307 | D        | Became a worshipper of Kikubaaqudgha
   459 | D        | Found a burning altar of Makhleb.
   459 | D        | Found a viscous altar of Jiyva.
   459 | D        | Found a shimmering altar of Xom.
   459 | D        | Found a corrupted altar of Lugonu.
   459 | D        | Noticed a slime creature
   462 | D        | Killed a slime creature
   463 | D        | Reached skill level 17 in Stealth
   463 | D        | Reached XP level 7. HP: 32/32 MP: 19/19
   477 | D        | Noticed a kobold demonologist
   478 | D        | Noticed a kobold demonologist
   481 | D        | Reached skill level 1 in Fighting
   481 | D        | Reached skill level 18 in Stealth
   486 | D        | Killed a kobold demonologist
   486 | D        | Reached * piety under Kikubaaqudgha
   486 | D        | Received a gift from Kikubaaqudgha
   487 | D        | Reached skill level 19 in Stealth
   487 | D        | Reached XP level 8. HP: 34/37 MP: 17/21
   490 | D        | Noticed an orange demon
   491 | D        | Killed a kobold demonologist
   562 | D        | Noticed a demonic crawler
   562 | D        | Noticed a demonic crawler
   562 | D        | Noticed a demonic crawler
   562 | D        | Noticed a demonic crawler
   564 | D        | Killed a demonic crawler
   565 | D        | Reached skill level 20 in Stealth
   565 | D        | Killed a demonic crawler
   565 | D        | Reached ** piety under Kikubaaqudgha
   566 | D        | Reached skill level 5 in Short Blades
   567 | D        | Killed a demonic crawler
   568 | D        | Reached skill level 21 in Stealth
   568 | D        | Reached skill level 10 in Spellcasting
   568 | D        | Reached XP level 9. HP: 42/42 MP: 22/24
   568 | D        | Killed a demonic crawler
   582 | D        | Noticed a gargoyle
   586 | D        | Killed a gargoyle
   586 | D        | Reached *** piety under Kikubaaqudgha
   586 | D        | Received a gift from Kikubaaqudgha
   587 | D        | Reached skill level 22 in Stealth
   595 | D        | Learned a level 3 spell: Confusing Touch
   599 | D        | Learned a level 3 spell: Dazzling Flash
   606 | D        | Noticed a lindwurm
   609 | D        | Killed a lindwurm
   631 | D        | Reached skill level 23 in Stealth
   635 | D        | Reached skill level 5 in Ice Magic
   636 | D        | Reached **** piety under Kikubaaqudgha
   777 | D        | Reached XP level 10. HP: 46/46 MP: 21/26
   779 | D        | Reached skill level 24 in Stealth
   782 | D        | Reached ***** piety under Kikubaaqudgha
   820 | D        | Reached skill level 10 in Hexes
   917 | D        | Noticed a 12-headed hydra
   919 | D        | Killed a 12-headed hydra
   920 | D        | Reached skill level 25 in Stealth
  1142 | D        | Noticed a lorocyproca
  1166 | D        | Slain by a lorocyproca

Illustrated notes

Levels and vault maps discovered:
D:        dungeon_sprint_1 [red_sonja_temple_1, red_sonja_temple_small_1]

Skill      XL: |  1  2  3  4  5  6  7  8  9 10 |
---------------+-------------------------------+-----
Dodging        | 3 4 5 6 7 |  7.3
Stealth        | 8 12 15 17 19 21 23 25 | 25.1
Spellcasting   | 3 5 6 7 8 10 11 12 | 12.0
Short Blades   | 2 3 4 5 6 |  6.5
Ice Magic      | 1 2 4 5 |  5.8
Hexes          | 4 6 7 8 9 10 | 10.2
Fighting       | 1 2 |  2.4

Action                   |  1- 3 |  4- 6 |  7- 9 | 10-12 || total
-------------------------+-------+-------+-------+-------++-------
Melee: Dagger            |     8 |     4 |    18 |    18 ||    48
 Cast: Ensorcelled Hiber |     2 |     6 |    18 |     9 ||    35
       Confusing Touch   |       |       |       |     1 ||     1
       Dazzling Flash    |       |       |       |     1 ||     1
  Use: Potion            |     1 |       |       |     1 ||     2
 Stab: Sleeping          |     2 |     4 |    16 |     8 ||    30
       Invisible         |       |       |       |     3 ||     3
Armor: Robe              |       |       |     2 |       ||     2
Dodge: Dodged            |     4 |     3 |    12 |    10 ||    29
